 Dungeon Crawl Stone Soup version 0.31-a0-261-g072fdb8a1f (webtiles) character file.

Game seed: 10833301487361789913

8 qw the Shooter (level 2, -1/16 HPs)
             Began as a Gargoyle Hexslinger on July 13, 2023.
             Slain by a hobgoblin (2 damage)
             ... on level 1 of the Dungeon.
             The game lasted 00:00:04 (75 turns).

qw the Shooter (Gargoyle Hexslinger)                  Turns: 75, Time: 00:00:04

Health: -1/16      AC:  4    Str: 11    XL:     2   Next: 8%
Magic:  3/3        EV: 12    Int: 13    God:
Gold:   0          SH:  0    Dex: 12    Spells: 2/3 levels left

rFire   . . .        a - +1 sling
rCold   . . .        (no shield)
rNeg    + . .        c - +0 robe
rPois   inf          (no helmet)
rElec   +            (no cloak)
rCorr   .            (no gloves)
SInv    .            (no boots)
Will    .....        (no amulet)
Stlth   +            (no ring)
HPRegen 0.22/turn    (no ring)
MPRegen 0.08/turn

%: no passive effects
@: no status effects
A: sickness immunity, AC +2, negative energy resistance 1, electricity
resistance, torment resistance 1, petrification resistance
a: no special abilities


You were on level 1 of the Dungeon.
You visited 1 branch of the dungeon, and saw 1 of its levels.


Innate Abilities, Weirdness & Mutations

You are immune to sickness and miasma.
Your stone body is resilient. (AC +2)
You are immune to poison.
You resist negative energy. (rN+)
You are resistant to electric shocks. (rElec)
You are resistant to unholy torment.
You are immune to petrification.


   Skills:
 - Level 1.1 Fighting
 + Level 2.7 Ranged Weapons
 - Level 1.5 Dodging
 - Level 1.0 Spellcasting
 - Level 2.6 Hexes


You had 2 spell levels left.
You knew the following spells:

 Your Spells              Type           Power      Damage    Failure   Level
a - Slow                  Hex            28%        N/A       10%         1

Your spell library contained the following spells:

 Spells                   Type           Power      Damage    Failure   Level
 Inner Flame              Hex/Fire       4%         N/A       43%         3
 Portal Projectile        Hex/Tloc       8%         N/A       43%         3
 Cause Fear               Hex            3%         N/A       67%         4

Inventory:

Hand Weapons
 a - a +1 sling (weapon)
Armour
 c - a +0 robe (worn)
Scrolls
 b - a scroll of poison

Dungeon Overview and Level Annotations

Branches:
Dungeon (1/15)

Altars:


Message History

The ball python constricts you.
The kobold hits you with a +0 dagger of holy wrath.
The goblin barely misses you.
You shoot a sling bullet.
The sling bullet closely misses the ball python.
The ball python barely misses you. The ball python constricts you.
A goblin comes into view. It is wielding a +3 dagger of venom.
The kobold hits you but does no damage. The goblin hits you but does no damage.
You shoot a sling bullet. The sling bullet hits the ball python!
You kill the ball python!
The goblin hits you but does no damage. The kobold hits you but does no damage.
You have reached level 2!
You shoot a sling bullet. The sling bullet hits the kobold.
The kobold is severely wounded.
The rat misses you.
The kobold hits you with a +0 dagger of holy wrath.
The goblin barely misses you.
You shoot a sling bullet.
The sling bullet hits the kobold but does no damage.
The kobold is severely wounded.
The rat bites you. The kobold barely misses you.
The goblin hits you but does no damage.
You shoot a sling bullet.
The sling bullet barely misses the kobold.
The rat completely misses you. The kobold hits you but does no damage.
The goblin hits you but does no damage. The kobold closely misses you.
The rat bites you but does no damage. The goblin hits you but does no damage.
You shoot a sling bullet. The sling bullet hits the kobold.
You kill the kobold!
The rat bites you. The goblin barely misses you.
You shoot a sling bullet.
The sling bullet barely misses the hobgoblin.
The rat misses you.
The hobgoblin hits you but does no damage.
The goblin hits you with a +0 dagger.
You shoot a sling bullet.
The sling bullet closely misses the hobgoblin.
The goblin hits you with a +0 dagger. The rat closely misses you.
The hobgoblin hits you.
You die...

#.. ##..#
.... ...
.. #g
#.#r###
#.gg@.#
.....#g#.#
... #.#.#
. #.#.#
#.#.#
#.#.#
#.#.#
#.#.# #.#


You could see 2 hobgoblins, 2 goblins and a rat.

Vanquished Creatures
  A ball python (D:1)
  An endoplasm (D:1)
  A hobgoblin (D:1)
  2 bats (D:1)
  2 kobolds (D:1)
  2 rats (D:1)
9 creatures vanquished.

Notes
Turn   | Place    | Note
-------+----------+-------------------------------------------
     0 | D:1      | qw the Gargoyle Hexslinger began the quest for the Orb.
     0 | D:1      | Reached XP level 1. HP: 12/12 MP: 2/2
     0 | D:1      | 0 ||| qw: Version: 0.3-a-52-g30416fa
     0 | D:1      | 0 ||| qw: Game counter: 6988
     0 | D:1      | 0 ||| qw: Melee chars always use a shield: true
     0 | D:1      | 0 ||| qw: God list: Okawaru
     0 | D:1      | 0 ||| qw: Allow faded altars: false
     0 | D:1      | 0 ||| qw: Do Orc after clearing Dungeon:15 true
     0 | D:1      | 0 ||| qw: Do second Lair branch before Depths: true
     0 | D:1      | 0 ||| qw: Lair rune preference: random
     0 | D:1      | 0 ||| qw: Goals: Normal
     0 | D:1      | 0 ||| PLANNING D:1-11
    70 | D:1      | Reached XP level 2. HP: 7/16 MP: 3/3
    74 | D:1      | HP: 2/16 [goblin/+0 dagger (3)]
    75 | D:1      | Slain by a hobgoblin

Levels and vault maps discovered:
D:1:      reono_arrival_forest_river, layout_basic

Action                     || total
---------------------------++-------
   Fire: Sling             ||    26
 Armour: Robe              ||    16
  Dodge: Dodged            ||    18

Table legend:
 A = Non-vault XP
 B = Vault XP
 C = Vault XP percentage of total XP
 D = Non-vault monster count
 E = Vault monster count
 F = Vault count percentage of total count
                 A         B        C        D         E       F
            +---------+---------+-------+---------+---------+-------
      Total |      12 |       0 |   0.0 |       9 |       0 |   0.0
            +---------+---------+-------+---------+---------+-------
        D:1 |      12 |       0 |   0.0 |       9 |       0 |   0.0
            +---------+---------+-------+---------+---------+-------
